 Dungeon Crawl Stone Soup version 0.24.1-14-gf8d2b509d9 (webtiles) character file.

Game seed: 17780891920801325750, levelgen mode: deterministic

2799757 Saltbearer the Conqueror (level 27, 298/298 HPs)
             Began as a Deep Dwarf Hunter on May 18, 2020.
             Was the Champion of Makhleb.
             Escaped with the Orb
             ... and 4 runes!
             The game lasted 02:36:01 (55556 turns).

Saltbearer the Conqueror (Deep Dwarf Hunter)       Turns: 55556, Time: 02:36:01

Health: 298/298    AC: 32    Str: 33    XL:     27
Magic:  7/7        EV: 16    Int: 14    God:    Makhleb [******]
Gold:   7127       SH: 33    Dex: 13    Spells: 26/26 levels left

rFire    + + +     SeeInvis +   b - +6 broad axe of Kacusih {chop, rF++}
rCold    + . .     Gourm    .   E - +8 large shield
rNeg     + + .     Faith    .   S - +10 storm dragon scales {Bai Suzhen}
rPois    .         Spirit   .   I - +0 mask of the Dragon {MR+ Slay+3 SInv}
rElec    +         Reflect  .   L - scarf {rC+ rF+}
rCorr    .         Harm     .   W - +2 pair of gloves {archery}
MR       +++++     NoTele   +   u - +0 pair of boots "Qept" {-Tele Str+3 Slay+3}
Stlth    ..........             w - macabre finger necklace {rN+}
HPRegen  0.00/turn              U - +3 ring of slaying
MPRegen  0.10/turn              G - ring "Zuagor" {Slay+4 Stlth+}
                                y - ring of the Ancients {EV+3 Str+3}

@: non-regenerating
A: damage resistance, heal wounds, talons 1, low mp 1, negative energy
resistance 1, sense surroundings 3, no regeneration
0: Orb of Zot
}: 4/15 runes: barnacled, slimy, silver, gossamer
a: Heal Wounds, Minor Destruction, Lesser Servant of Makhleb, Major Destruction,
Greater Servant of Makhleb, Renounce Religion


You escaped.
You worshipped Makhleb.
Makhleb was exalted by your worship.
You were not hungry.

You visited 12 branches of the dungeon, and saw 58 of its levels.
You also visited: Trove, Ossuary, Ice Cave and Volcano.

You collected 9389 gold pieces.
You spent 2262 gold pieces at shops.

Inventory:

Hand Weapons
 b - the +6 broad axe of Kacusih (weapon) {chop, rF++}
   (You found it on level 2 of the Realm of Zot)

   It inflicts extra damage upon your enemies.
   It greatly protects you from fire.
Missiles
 r - 10 throwing nets
 t - 110 boomerangs (quivered)
 x - 53 silver javelins
 C - 127 javelins
Armour
 k - a +2 pair of boots of running
 u - the +0 pair of boots "Qept" (worn) {-Tele Str+3 Slay+3}
   (You acquired it on level 5 of the Vaults)

   It affects your strength (+3).
   It affects your accuracy and damage with ranged weapons and melee attacks
   (+3).
   It prevents most forms of teleportation.
 E - a +8 large shield (worn)
 I - the +0 mask of the Dragon (worn) {MR+ Slay+3 SInv}
   (You found it on level 4 of the Vaults)

   It affects your accuracy and damage with ranged weapons and melee attacks
   (+3).
   It affects your resistance to hostile enchantments.
   It lets you see invisible.
 L - a scarf of resistance (worn)
 S - +10 storm dragon scales (worn) {Bai Suzhen}
 W - a +2 pair of gloves of archery (worn)
Jewellery
 n - the ring "Wuzionint" {+Fly Dex+4}
   (You found it on level 1 of the Vaults)

   [ring of dexterity]

   It affects your dexterity (+4).
   It lets you fly.
 o - an uncursed ring of resist corrosion
 w - the macabre finger necklace (around neck) {rN+}
   (You took it off a deep elf mage on level 3 of the Elven Halls)

   [amulet of nothing]

   It protects you from negative energy.
 y - the ring of the Ancients (on amulet) {EV+3 Str+3}
   (You found it on level 15 of the Dungeon)

   [ring of evasion]

   It affects your evasion (+3).
   It affects your strength (+3).
 G - the ring "Zuagor" (right hand) {Slay+4 Stlth+}
   (You found it in a treasure trove)

   [ring of stealth]

   It affects your accuracy and damage with ranged weapons and melee attacks
   (+4).
   It makes you more stealthy.
 U - a +3 ring of slaying (left hand)
 Z - an uncursed ring of poison resistance
Wands
 c - a wand of digging (6)
 R - a wand of iceblast (28)
 X - a wand of acid (33)
 Y - a wand of clouds (2)
Scrolls
 a - 2 scrolls of enchant armour
 g - 21 scrolls of teleportation
 j - 18 scrolls of identify
 l - 17 scrolls of remove curse
 s - 7 scrolls of fog
 A - 13 scrolls of blinking
 F - a scroll of holy word
 J - 3 scrolls of silence
 N - 7 scrolls of fear
 Q - 5 scrolls of summoning
Potions
 d - 5 potions of might
 e - 3 potions of haste
 h - 10 potions of mutation
 i - 2 potions of agility
 m - 23 potions of curing
 p - 8 potions of cancellation
 v - 8 potions of resistance
 D - 17 potions of heal wounds
 M - 6 potions of ambrosia
 P - 2 potions of berserk rage
Miscellaneous
 q - 4 boxes of beasts
 z - a lamp of fire
 B - a phial of floods
 H - a lightning rod (4/4)
 K - 4 sacks of spiders
 V - 8 phantom mirrors
Comestibles
 f - 95 rations


   Skills:
 O Level 27 Fighting
 - Level 26.9(27) Axes
   Level 4.2(16.5) Polearms
 - Level 16.0 Throwing
 - Level 15.0 Armour
 + Level 8.6 Dodging
 - Level 1.2 Stealth
 - Level 21.0 Shields
 - Level 20.0 Invocations
 - Level 10.0 Evocations


You had 26 spell levels left.
You didn't know any spells.
Your spell library contained the following spells:

 Spells                   Type           Power        Failure   Level  Hunger
 Animate Skeleton         Necr           N/A          80%         1    ##.....
 Apportation              Tloc           #.....       80%         1    ##.....
 Confusing Touch          Hex            #.....       80%         1    ##.....
 Corona                   Hex            #......      80%         1    ##.....
 Flame Tongue             Conj/Fire      #....        80%         1    ##.....
 Freeze                   Ice            #...         80%         1    ##.....
 Magic Dart               Conj           #...         80%         1    ##.....
 Pain                     Necr           #...         80%         1    ##.....
 Shock                    Conj/Air       #...         80%         1    ##.....
 Sting                    Conj/Pois      #...         80%         1    ##.....
 Summon Butterflies       Summ           #.......     80%         1    ##.....
 Summon Small Mammal      Summ           #...         80%         1    ##.....
 Blink                    Tloc           N/A          91%         2    ###....
 Call Imp                 Summ           #.......     91%         2    ###....
 Ensorcelled Hibernation  Hex/Ice        #.....       91%         2    ###....
 Poisonous Vapours        Pois/Air       #.....       91%         2    ###....
 Searing Ray              Conj           #.....       91%         2    ###....
 Shroud of Golubria       Chrm/Tloc      #.....       91%         2    ###....
 Slow                     Hex            #.......     91%         2    ###....
 Sublimation of Blood     Necr           #.........   91%         2    ###....
 Swiftness                Chrm/Air       #.......     91%         2    ###....
 Throw Flame              Conj/Fire      #.....       91%         2    ###....
 Throw Frost              Conj/Ice       #.....       91%         2    ###....
 Confuse                  Hex            #.......     99%         3    ####...
 Conjure Flame            Conj/Fire      #.......     99%         3    ####...
 Dazzling Spray           Conj/Hex       #.....       99%         3    ####...
 Gell's Gravitas          Tloc           #.........   99%         3    ####...
 Ignite Poison            Fire/Tmut/Pois #.......     99%         3    ####...
 Inner Flame              Hex/Fire       #.......     99%         3    ####...
 Lesser Beckoning         Tloc           #.........   99%         3    ####...
 Mephitic Cloud           Conj/Pois/Air  #.......     99%         3    ####...
 Ozocubu's Armour         Chrm/Ice       #.......     99%         3    ####...
 Portal Projectile        Hex/Tloc       #.....       99%         3    ####...
 Recall                   Summ/Tloc      N/A          99%         3    ####...
 Spider Form              Tmut/Pois      #.........   99%         3    ####...
 Static Discharge         Conj/Air       #.......     99%         3    ####...
 Stone Arrow              Conj/Erth      #.....       99%         3    ####...
 Teleport Other           Tloc           #.......     99%         3    ####...
 Tukima's Dance           Hex            #.......     99%         3    ####...
 Vampiric Draining        Necr           #.........   99%         3    ####...
 Airstrike                Air            #.........   100%        4    #####..
 Animate Dead             Necr           N/A          100%        4    #####..
 Cause Fear               Hex            #.........   100%        4    #####..
 Force Lance              Conj/Tloc      #.......     100%        4    #####..
 Fulminant Prism          Conj/Hex       #.........   100%        4    #####..
 Ice Form                 Ice/Tmut       #.......     100%        4    #####..
 Iskenderun's Mystic Bla  Conj           #.......     100%        4    #####..
 Leda's Liquefaction      Hex/Erth       #.........   100%        4    #####..
 Olgreb's Toxic Radiance  Pois           #.......     100%        4    #####..
 Petrify                  Tmut/Erth      #.......     100%        4    #####..
 Sticky Flame             Conj/Fire      #.......     100%        4    #####..
 Summon Ice Beast         Ice/Summ       #.......     100%        4    #####..
 Summon Lightning Spire   Summ/Air       #.......     100%        4    #####..
 Throw Icicle             Conj/Ice       #.......     100%        4    #####..
 Alistair's Intoxication  Tmut/Pois      #.......     100%        5    ######.
 Bolt of Draining         Conj/Necr      #.........   100%        5    ######.
 Bolt of Magma            Conj/Fire/Erth #.........   100%        5    ######.
 Borgnjor's Vile Clutch   Necr/Erth      #.........   100%        5    ######.
 Dispel Undead            Necr           #.......     100%        5    ######.
 Fireball                 Conj/Fire      #.........   100%        5    ######.
 Irradiate                Conj/Tmut      #.........   100%        5    ######.
 Iskenderun's Battlesphe  Conj/Chrm      #.......     100%        5    ######.
 Lightning Bolt           Conj/Air       #.........   100%        5    ######.
 Metabolic Englaciation   Hex/Ice        #.........   100%        5    ######.
 Silence                  Hex/Air        #.........   100%        5    ######.
 Venom Bolt               Conj/Pois      #.........   100%        5    ######.
 Bolt of Cold             Conj/Ice       #.........   100%        6    #######
 Bolt of Fire             Conj/Fire      #.........   100%        6    #######
 Conjure Ball Lightning   Conj/Air       #.........   100%        6    #######
 Death Channel            Necr           #.........   100%        6    #######
 Deflect Missiles         Chrm/Air       #.........   100%        6    #######
 Dispersal                Tloc           #.........   100%        6    #######
 Freezing Cloud           Conj/Ice/Air   #.........   100%        6    #######
 Hydra Form               Tmut           #.........   100%        6    #######
 Invisibility             Hex            #.......     100%        6    #######
 Iron Shot                Conj/Erth      #.........   100%        6    #######
 Ozocubu's Refrigeration  Ice            #.........   100%        6    #######
 Poison Arrow             Conj/Pois      #.........   100%        6    #######
 Simulacrum               Ice/Necr       #.........   100%        6    #######
 Statue Form              Tmut/Erth      #........    100%        6    #######
 Dragon Form              Tmut           #.........   100%        7    #######
 Haunt                    Necr/Summ      #.........   100%        7    #######
 Malign Gateway           Summ/Tloc      #.........   100%        7    #######
 Monstrous Menagerie      Summ           #.........   100%        7    #######
 Orb of Destruction       Conj           #.........   100%        7    #######
 Ring of Flames           Chrm/Fire      #.........   100%        7    #######
 Spellforged Servitor     Conj/Summ      #.........   100%        7    #######
 Summon Greater Demon     Summ           #.........   100%        7    #######
 Borgnjor's Revivificati  Necr           #.........   100%        8    #######
 Chain Lightning          Conj/Air       #.........   100%        8    #######
 Controlled Blink         Tloc           N/A          100%        8    #######
 Death's Door             Chrm/Necr      #.........   100%        8    #######
 Disjunction              Tloc           #.........   100%        8    #######
 Ignition                 Fire           #.........   100%        8    #######
 Infestation              Necr           #.........   100%        8    #######
 Lehudib's Crystal Spear  Conj/Erth      #.........   100%        8    #######
 Necromutation            Tmut/Necr      #.........   100%        8    #######
 Summon Horrible Things   Summ           #.........   100%        8    #######
 Dragon's Call            Summ           #.........   100%        9    #######
 Fire Storm               Conj/Fire      #.........   100%        9    #######
 Glaciate                 Conj/Ice       #.........   100%        9    #######
 Shatter                  Erth           #.........   100%        9    #######
 Tornado                  Air            #.........   100%        9    #######
 Regeneration             Chrm/Necr      Unusable     N/A         3    N/A
 Passage of Golubria      Tloc           Unusable     N/A         4    N/A

Dungeon Overview and Level Annotations

Branches:
Dungeon (15/15)            Temple (1/1) D:5            Lair (6/6) D:9
 Shoals (4/4) Lair:4       Spider (4/4) Lair:3        Slime (5/5) Lair:6
    Orc (2/2) D:11            Elf (3/3) Orc:2        Vaults (5/5) D:14
  Crypt (3/3) Vaults:3       Tomb (0/3) Crypt:3      Depths (5/5) D:15
    Zot (5/5) Depths:5    Ossuary (visited)           IceCv (visited)
Volcano (visited)

Altars:
Ashenzari
Cheibriados
Dithmenos
Elyvilon
Fedhas
Gozag
Hepliaklqana
Kikubaaqudgha
Makhleb
Nemelex Xobeh
Okawaru
Qazlal
Ru
Sif Muna
Trog
Uskayaw
Vehumet
Wu Jian
Xom
Yredelemnul
Zin
The Shining One
Beogh
Jiyva
Lugonu

Shops:
D:5 :   D:13 %**[   D:15 *%!   Orc:2 (:%%   Elf:2 !   Elf:3 *   Shoals:1 [
Depths:5 =%*

Portals:
Hell: Depths:1 Depths:2 Depths:3 Depths:4 Depths:5
Abyss: Depths:1 Depths:2 Depths:3 Depths:4
Pandemonium: Orc:2 Depths:1 Depths:2 Depths:3 Depths:4
Ziggurat: Depths:5

Annotations:
D:7 exclusion: statue
D:13 1 runed translucent door, Buvarchi's ghost, journeyman DsGl
Shoals:4 exclusion: oklob plant
Slime:5 1 exclusion
Elf:2 2 runed translucent doors
Depths:2 1 runed door, exclusion: door
Zot:2 1 exclusion
Zot:5 1 runed translucent door, 7 exclusions, Doot's ghost, legendary HOMo


Innate Abilities, Weirdness & Mutations

You are resistant to damage.
You can heal yourself by infusing magical energy.
You resist negative energy. (rN+)
You passively map a large area around you.
You do not regenerate.
You have sharp toenails.
Your magical capacity is low. (-10% MP)


Message History

There is a stone staircase leading up here.
You climb upwards.
There is a stone staircase leading down here.
There is a stone staircase leading up here.
You climb upwards.
There is a stone staircase leading down here.
Evoke which item? (* to show all) (? for menu, Esc to quit)
Aiming: Dig
Press: ? - help, Shift-Dir - straight line A rock wall.
This square is covered in magical glow.
The rock shatters into small pieces.
Evoke which item? (* to show all) (? for menu, Esc to quit)
Aiming: Dig
Press: ? - help, Shift-Dir - straight line A rock wall.
This square is covered in magical glow.
The rock shatters into small pieces.
There is a staircase leading out of the dungeon here.
You have escaped!

.................# #..#
####.###########.#####..##
#........................#
#.......####......######.#
........# #......# #.##
#.......# #####.## #..#
#.......# ####...#### ##.#
#######.####.........####.#
#.........@.........#
#.####.........####.# ####
#....####...##### #.# ...#
####....#####...# #.#
...##### ####.......#.###.#
.......# #########..##.#
...###.# ##.##.#
..####.########## #>#..#
#.# #...........# #.#.##


There were no monsters in sight!

Vanquished Creatures
  the Royal Jelly (Slime:5)
  Mennas (Depths:4)
  4 orbs of fire
  12 ancient liches
  Mara (Depths:4)
  2 juggernauts
  Bai Suzhen (Crypt:2)
  7 Killer Klowns
  Saint Roka (Orc:2)
  4 curse toes
  12 golden dragons
  Jory (Crypt:1)
  The ghost of spacerossing the Executioner, an adept DDFi of Makhleb (Vaults:4)
  Arachne (Spider:3)
  A Tzitzimitl (Zot:5)
  A hellephant (Zot:4)
  5 electric golems
  27 Orb Guardians
  An Ice Fiend (IceCv)
  15 tentacled monstrosities
  8 liches
  9 quicksilver dragons
  Asterion (Spider:2)
  4 titans
  14 acid blobs
  An Executioner (D:10)
  2 deep elf blademasters (Elf:3)
  An ancient champion (Crypt:1)
  2 sphinxes
  10 death cobs
  4 shadow dragons
  9 tengu reavers
  15 storm dragons
  8 draconian monks
  2 revenants (Crypt:2)
  Agnes (D:14)
  10 azure jellies
  5 nagarajas (Depths:4)
  10 deep elf sorcerers
  Ilsuiw (Shoals:4)
  5 fire giants
  12 frost giants
  3 ghost moths
  6 iron dragons
  12 vault wardens
  3 emperor scorpions (Spider:4)
  A ghost moth (shapeshifter) (Vaults:4)
  2 orc warlords
  6 deep elf elementalists
  10 draconian scorchers
  A balrug (Zot:5)
  11 draconian knights
  5 spriggan defenders
  3 curse skulls
  6 draconian annihilators
  4 draconian stormcallers
  12 draconian shifters
  A ghoul (Crypt:1)
  18 stone giants
  4 reapers
  4 war gargoyles (Vaults:5)
  12 ironheart preservers
  15 very ugly things
  A juggernaut skeleton (Crypt:2)
  4 entropy weavers
  5 deep elf demonologists
  Nessos (Lair:4)
  14 green draconians
  13 vampire knights
  11 deep elf annihilators
  The ghost of Tacit the Basher, a journeyman GrMo of Gozag (Spider:2)
  6 spark wasps
  16 black draconians
  9 purple draconians
  18 red draconians
  2 dire elephants (Zot:4)
  11 yellow draconians
  9 merfolk javelineers
  10 white draconians
  13 deep elf death magi
  7 eidola
  3 death oozes (Slime:5)
  11 ettins
  A mummy priest (Crypt:3)
  9 merfolk impalers
  2 green deaths
  8 jiangshi
  15 yaktaur captains
  A quicksilver dragon zombie (Crypt:3)
  7 rakshasas
  7 deep elf high priests
  16 fire dragons
  Erolcha (D:9)
  17 great orbs of eyes
  Harold (D:9)
  2 naga warriors (Depths:4)
  6 hydras
  A hell beast (Depths:4)
  41 vault guards
  13 ice dragons
  4 merfolk avatars
  4 spriggan air magi
  2 death knights
  14 centaur warriors
  16 ogre magi
  Erica (Orc:1)
  8 merfolk aquamancers
  3 alligator snapping turtles (Shoals:4)
  53 two-headed ogres
  4 deep troll shamans
  7 vampire magi
  A satyr (Shoals:4)
  16 dancing weapons
  2 spriggan berserkers
  10 deep troll earth magi
  5 tengu warriors
  2 titan zombies
  7 orc high priests
  13 deep elf knights
  3 storm dragon zombies
  Sonja (D:13)
  3 titan skeletons
  2 sun demons
  18 soul eaters
  A salamander mystic (Depths:1)
  A hell knight (Volcano)
  A golden dragon zombie (Crypt:3)
  23 skeletal warriors
  5 shadow wraiths
  3 storm dragon skeletons
  2 unseen horrors (shapeshifter)
  7 flayed ghosts
  6 glowing orange brains
  25 deep trolls
  A sea snake (shapeshifter) (Depths:1)
  3 torturous demonspawn
  13 deep elf archers
  A shadow demon (Zot:4)
  A swamp dragon (Lair:6)
  A gelid demonspawn (Orc:2)
  8 unseen horrors
  Pikel (D:7)
  A swamp dragon (shapeshifter) (Vaults:1)
  14 necromancers
  6 wizards
  2 harpies (shapeshifter)
  2 wolf spider zombies
  12 sea snakes
  2 anaconda skeletons (Crypt:3)
  21 orc knights
  16 orb spiders
  14 ironbrand convokers
  18 phantasmal warriors
  An orb spider (shapeshifter) (Vaults:4)
  A lindwurm (shapeshifter) (Vaults:5)
  A fire giant zombie (Crypt:3)
  19 harpies
  46 wolf spiders
  3 mana vipers (Depths:4)
  An iron dragon zombie (Crypt:3)
  17 ugly things
  58 deep elf magi
  7 fauns
  A tengu skeleton (Vaults:3)
  13 orc sorcerers
  16 manticores
  A frost giant zombie (Crypt:3)
  A stone giant zombie (Vaults:5)
  3 salamanders
  4 shining eyes
  A shining eye (shapeshifter) (Vaults:4)
  3 shadow dragon skeletons
  A manticore (shapeshifter) (Zot:2)
  10 cyclopes
  8 merfolk sirens
  35 moths of wrath
  2 eyes of devastation (Slime:3)
  4 human skeletons
  A black mamba (shapeshifter) (Depths:3)
  2 dire elephant zombies
  An iron dragon skeleton (Crypt:3)
  Maurice (D:11)
  2 elephants (Zot:4)
  A shock serpent zombie (Crypt:1)
  2 frost giant skeletons (Crypt:3)
  2 orange demons
  3 ice statues
  4 black mambas
  A water nymph (shapeshifter) (Vaults:5)
  A fire giant skeleton (Vaults:3)
  2 storm dragon simulacra
  5 gargoyles
  4 naga magi
  2 torpor snails
  A smoke demon (Depths:2)
  13 vault sentinels
  2 water nymphs
  3 rust devils
  Psyche (D:9)
  4 rime drakes
  11 freezing wraiths
  2 minotaur zombies
  A human zombie (Vaults:2)
  12 spiny frogs
  6 komodo dragons
  2 yaktaurs (shapeshifter)
  19 demonic crawlers
  41 yaktaurs
  A tormentor (Zot:5)
  A swamp worm zombie (Crypt:1)
  4 anaconda simulacra (IceCv)
  14 hellwings
  A shock serpent skeleton (Crypt:3)
  A red devil (Zot:5)
  8 ice devils
  A golden dragon simulacrum (IceCv)
  5 tengu conjurers
  12 trolls
  21 merfolk
  3 jumping spiders (shapeshifter)
  A tengu simulacrum (Vaults:2)
  7 wind drakes
  37 jumping spiders
  A hornet (shapeshifter) (Vaults:2)
  14 hornets
  79 slime creatures
  A blink frog (shapeshifter) (Vaults:1)
  A meliai zombie (D:15)
  A hydra zombie (Crypt:3)
  A moth of wrath zombie (Crypt:1)
  A bog body (Crypt:1)
  12 dream sheep
  8 blink frogs
  3 fire dragon zombies (Crypt:3)
  A satyr zombie (Crypt:2)
  12 snapping turtles
  9 hippogriffs
  An ice dragon zombie (Crypt:3)
  An ettin zombie (Crypt:3)
  18 water elementals
  79 redbacks
  2 alligator skeletons (Crypt:3)
  A centaur simulacrum (D:11)
  20 flying skulls
  Sigmund (D:4)
  3 ynoxinuls
  4 air elementals
  A spriggan (Depths:4)
  23 tarantellas
  47 yaks
  Eustachio (D:4)
  3 wyverns
  An ushabti (Crypt:3)
  2 shadows
  A tarantella (shapeshifter) (Vaults:3)
  2 vampires
  8 humans (Zot:4)
  13 wraiths
  4 dire elephant simulacra
  3 basilisks
  A fire elemental (Elf:2)
  An elf zombie (Vaults:5)
  2 golden eyes (Slime:5)
  6 hungry ghosts
  7 vampire mosquitoes
  A basilisk (shapeshifter) (Vaults:2)
  2 neqoxecs
  2 steam dragons
  7 harpy simulacra (IceCv)
  An iron troll simulacrum (IceCv)
  A soldier ant (D:11)
  6 acid dragons
  2 hydra simulacra
  4 wargs (Orc:1)
  5 hell hounds
  A floating eye (shapeshifter) (Vaults:5)
  14 water moccasins
  A faun skeleton (Crypt:1)
  2 floating eyes (D:15)
  49 orc warriors
  6 porcupines
  2 black bears (D:9)
  2 swamp drakes (Lair:6)
  4 ice beasts
  2 sky beasts
  4 phantoms
  3 ettin simulacra
  5 eyes of draining
  A slave (D:7)
  An elephant zombie (Crypt:1)
  2 snapping turtle zombies (Crypt:3)
  51 ogres
  2 necrophages (Crypt:1)
  A boggart (shapeshifter) (Depths:1)
  A swamp dragon zombie (Crypt:3)
  An elf skeleton (Vaults:3)
  8 boggarts
  A snapping turtle skeleton (Crypt:2)
  18 wolves
  The ghost of kikerikii the Grasshopper, an amateur HaWr (D:3)
  23 centaurs
  12 crocodiles
  3 big kobolds
  18 bullfrogs
  A glowing shapeshifter simulacrum (Vaults:1)
  A spiny frog simulacrum (Lair:1)
  2 wyvern zombies (D:11)
  4 earth elementals
  11 wyvern skeletons
  8 scorpions
  A warg zombie (Crypt:2)
  3 water moccasin zombies
  3 elephant simulacra
  2 human simulacra (Vaults:2)
  19 wights
  An elf simulacrum (Vaults:3)
  20 killer bees
  A swamp dragon simulacrum (IceCv)
  4 howler monkeys
  A troll skeleton (Crypt:3)
  5 electric eels
  2 bullfrog zombies
  6 crimson imps
  6 centaur zombies
  2 draconian simulacra (IceCv)
  A black bear zombie (Crypt:2)
  A quasit (D:7)
  2 wyvern simulacra (Lair:1)
  2 jellies
  6 hounds
  A gnoll shaman (D:2)
  29 orc priests
  8 centaur skeletons
  2 bullfrog skeletons
  3 iguanas
  33 orc wizards
  A troll simulacrum (IceCv)
  11 worker ants
  A spriggan simulacrum (IceCv)
  A killer bee zombie (D:6)
  A dwarf zombie (Crypt:1)
  4 big kobold zombies (Ossuary)
  6 ogre zombies (D:11)
  A dwarf skeleton (Crypt:2)
  A hound zombie (D:10)
  4 mummies
  3 hound skeletons
  A worker ant zombie (D:11)
  2 howler monkey skeletons
  17 adders
  A crocodile simulacrum (Lair:1)
  10 gnolls
  7 naga simulacra (IceCv)
  5 shadow imps
  6 white imps
  10 ufetubi (IceCv)
  5 adder zombies
  3 adder skeletons
  A lava snake skeleton (Crypt:2)
  4 worms
  3 dart slugs
  4 leopard geckos
  125 orcs
  7 giant cockroaches
  7 goblins
  2 hobgoblins
  9 jackals
  21 kobolds
  4 quokkas
  3 bats
  3 frilled lizards
  5 gnoll zombies (Ossuary)
  A goblin skeleton (D:11)
  A goblin zombie (D:11)
  A hobgoblin skeleton (Crypt:1)
  8 hobgoblin zombies
  A jackal skeleton (D:4)
  2 kobold zombies
  4 orc skeletons (D:11)
  18 orc zombies
  A quokka skeleton (D:4)
  11 rats
  3 crawling corpses
  3 fungi
  11 plants
  10 withered plants (Crypt:3)
2856 creatures vanquished.

Vanquished Creatures (collateral kills)
  The ghost of Saltbearer the Spear-Bearer, a journeyman CeWr of Ru (Lair:6)
  A hydra (Lair:6)
  A two-headed ogre (D:12)
  Urug (D:12)
  A deep elf mage (D:12)
  An ugly thing (D:12)
  A torpor snail (Lair:6)
  A centaur skeleton (D:12)
  A komodo dragon (D:12)
  A slime creature (D:12)
  A yak (Lair:6)
  A crocodile (D:12)
  A bullfrog (D:12)
  An electric eel (Lair:6)
14 creatures vanquished.

Vanquished Creatures (others)
  A deep elf master archer (Elf:3)
  A fire giant (D:15)
  A stone giant (Vaults:5)
  A deep elf demonologist (Elf:3)
  A deep elf annihilator (Elf:3)
  A deep elf death mage (Elf:1)
  3 yaktaur captains
  A naga ritualist (Depths:4)
  5 deep elf archers
  A mana viper (Depths:4)
  A manticore (Shoals:4)
  A faun (Shoals:3)
  8 yaktaurs
  An ogre (Vaults:4)
  3 centaurs
  An orc priest (Orc:1)
  An iguana (Lair:6)
  A bush (D:9)
  A crawling corpse (Elf:3)
  A fungus (Lair:3)
  14 plants
  2 withered plants (Spider:2)
51 creatures vanquished.

Grand Total: 2921 creatures vanquished

Notes
Turn   | Place    | Note
-------+----------+-------------------------------------------
     0 | D:1      | Saltbearer the Deep Dwarf Hunter began the quest for the
                  | Orb.
     0 | D:1      | Reached XP level 1. HP: 19/19 MP: 1/1
    61 | D:1      | Reached skill level 2 in Fighting
   267 | D:1      | Reached XP level 2. HP: 20/26 MP: 2/2
   511 | D:1      | Reached skill level 1 in Polearms
   853 | D:1      | Reached XP level 3. HP: 10/32 MP: 3/3
   878 | D:2      | Noticed an ogre
   892 | D:2      | Killed an ogre
   892 | D:2      | Reached XP level 4. HP: 22/39 MP: 3/3
  1274 | D:2      | Reached XP level 5. HP: 22/45 MP: 4/4
  1776 | D:3      | Reached skill level 3 in Fighting
  1825 | D:3      | Noticed an ogre
  1843 | D:3      | Killed an ogre
  1843 | D:3      | Reached XP level 6. HP: 38/57 MP: 4/4
  2121 | D:3      | Noticed kikerikii's ghost (amateur HaWr)
  2228 | D:3      | Reached skill level 4 in Fighting
  2228 | D:3      | Reached skill level 1 in Armour
  2228 | D:3      | Reached skill level 1 in Shields
  2539 | D:3      | Found a runed translucent gate.
  2539 | D:3      | Found a runed translucent gate.
  2540 | D:3      | Found a runed translucent gate.
  2604 | D:3      | Killed kikerikii's ghost
  2604 | D:3      | Reached XP level 7. HP: 50/64 MP: 5/5
  3297 | D:4      | Noticed Sigmund
  3325 | D:4      | Killed Sigmund
  3453 | D:4      | Reached skill level 5 in Shields
  3666 | D:4      | Noticed Eustachio
  3701 | D:4      | Killed Eustachio
  3701 | D:4      | Reached skill level 5 in Fighting
  3701 | D:4      | Reached XP level 8. HP: 59/74 MP: 6/6
  3760 | D:5      | Entered Level 5 of the Dungeon
  3966 | D:5      | Reached skill level 6 in Fighting
  4292 | D:5      | Found Huerchen's Book Boutique.
  4311 | D:5      | Found a staircase to the Ecumenical Temple.
  4321 | Temple   | Entered the Ecumenical Temple
  4426 | D:5      | Reached skill level 1 in Axes
  4482 | D:5      | Found a sparkling altar of Nemelex Xobeh.
  4737 | D:6      | Found a burning altar of Makhleb.
  4738 | D:6      | Noticed a cacodemon
  4739 | D:6      | Found a glowing silver altar of Zin.
  4740 | D:6      | Noticed an angel
  4740 | D:6      | You fall into a shaft and drop 1 floor!
  4749 | D:7      | Found a basalt altar of Yredelemnul.
  4752 | D:7      | Found a sparkling altar of Nemelex Xobeh.
  4753 | D:7      | Found an ornate altar of the Wu Jian Council.
  4753 | D:7      | Found a hazy altar of Hepliaklqana.
  4755 | D:7      | Found a shadowy altar of Dithmenos.
  4833 | D:7      | Reached skill level 7 in Fighting
  4895 | D:6      | Became a worshipper of Makhleb the Destroyer
  4927 | D:6      | Reached skill level 1 in Invocations
  4968 | D:6      | Gained mutation: You passively map the area around you.
                  | [Deep Dwarf growth]
  4968 | D:6      | Reached XP level 9. HP: 70/86 MP: 7/9
  5085 | D:6      | Reached skill level 5 in Invocations
  5150 | D:6      | Found a sand-covered staircase.
  5163 | Ossuary  | Entered an ossuary
  5185 | Ossuary  | Reached * piety under Makhleb
  5391 | D:6      | Found a sacrificial altar of Ru.
  5559 | D:7      | Found an ancient bone altar of Kikubaaqudgha.
  5646 | D:7      | Reached ** piety under Makhleb
  5660 | D:7      | Reached skill level 5 in Axes
  5827 | D:7      | Found a radiant altar of Vehumet.
  5918 | D:7      | Noticed Pikel
  5928 | D:7      | Killed Pikel
  6481 | D:8      | Reached XP level 10. HP: 94/94 MP: 13/13
  6545 | D:8      | Found a stormy altar of Qazlal.
  6618 | D:8      | Found a snail-covered altar of Cheibriados.
  6619 | D:8      | Found a white marble altar of Elyvilon.
  6714 | D:8      | Found a shattered altar of Ashenzari.
  6930 | D:8      | Found a glowing golden altar of the Shining One.
  6986 | D:9      | Reached *** piety under Makhleb
  7065 | D:9      | Reached skill level 10 in Axes
  7080 | D:9      | Noticed Harold
  7251 | D:9      | Killed Harold
  7270 | D:9      | Found a staircase to the Lair.
  7344 | D:9      | Noticed Erolcha
  7371 | D:9      | Killed Erolcha
  7371 | D:9      | Reached XP level 11. HP: 81/100 MP: 14/14
  7497 | D:9      | Noticed Psyche
  7504 | D:9      | Killed Psyche
  7909 | D:10     | Entered Level 10 of the Dungeon
  7957 | D:10     | Reached **** piety under Makhleb
  8032 | D:10     | Reached skill level 1 in Evocations
  8147 | D:10     | Killed an unseen horror
  9137 | D:11     | Found a staircase to the Orcish Mines.
  9159 | D:11     | Reached skill level 5 in Evocations
  9168 | D:11     | Reached ***** piety under Makhleb
  9226 | D:11     | Noticed a centaur warrior
  9259 | D:11     | Noticed a two-headed ogre
  9286 | D:11     | Noticed a tengu warrior
  9327 | D:11     | Killed a tengu warrior
  9391 | D:11     | Killed a centaur warrior
  9401 | D:11     | Killed a two-headed ogre
  9401 | D:11     | Reached skill level 10 in Evocations
  9848 | D:11     | Reached XP level 12. HP: 96/109 MP: 15/15
  9885 | D:11     | Noticed a two-headed ogre
  9893 | D:11     | Killed a two-headed ogre
  9893 | D:11     | Reached skill level 10 in Invocations
 10155 | D:11     | Noticed a two-headed ogre
 10157 | D:11     | Noticed Maurice
 10164 | D:11     | Killed a two-headed ogre
 10182 | D:11     | Killed Maurice
 10528 | D:12     | Noticed Urug
 10551 | D:12     | Killed Urug
 10552 | D:12     | Noticed a two-headed ogre
 10559 | D:12     | Killed a two-headed ogre
 11361 | Lair:1   | Entered Level 1 of the Lair of Beasts
 11361 | Lair:1   | Noticed an eight-headed hydra
 11366 | Lair:1   | Killed an eight-headed hydra
 11523 | Lair:1   | Noticed a five-headed hydra
 11565 | Lair:1   | Killed a one-headed hydra
 11615 | Lair:1   | Found a transporter.
 11879 | Lair:1   | Found a transporter.
 12129 | Lair:2   | Noticed a six-headed hydra
 12154 | Lair:2   | Killed a one-headed hydra
 12154 | Lair:2   | Reached XP level 13. HP: 94/115 MP: 18/18
 12314 | Lair:2   | Reached skill level 15 in Axes
 12895 | Lair:3   | Reached ****** piety under Makhleb
 12927 | Lair:3   | Found a hole to the Spider Nest.
 13558 | Lair:4   | Identified the Reference Book on Dark Ignition
 13710 | Lair:4   | Found a staircase to the Shoals.
 13943 | Lair:4   | Noticed Nessos
 13980 | Lair:4   | Killed Nessos
 14446 | Lair:5   | Found a dark tunnel.
 14461 | Volcano  | Entered a volcano
 15642 | Lair:1   | Got a steaming hand axe
 15670 | Lair:1   | Identified the +6 hand axe of Hushia {freeze, Fragile MR+
                  | Int+3 Dex+2} (You found it on level 1 of the Lair of
                  | Beasts)
 15756 | Lair:6   | Entered Level 6 of the Lair of Beasts
 15988 | Lair:6   | Gained mutation: You resist negative energy. (rN+) [Deep
                  | Dwarf growth]
 15988 | Lair:6   | Reached XP level 14. HP: 124/124 MP: 15/15
 16068 | Lair:6   | Reached skill level 8 in Fighting
 16195 | Lair:6   | Identified a scroll of acquirement
 16359 | Lair:6   | Found a runed translucent door.
 16360 | Lair:6   | Noticed Saltbearer's ghost (journeyman CeWr)
 16375 | Lair:6   | Killed Saltbearer's ghost
 16425 | Lair:6   | Found a staircase to the Slime Pits.
 16427 | Lair:6   | Found a viscous altar of Jiyva.
 16497 | Lair:6   | Reached skill level 9 in Fighting
 17312 | D:13     | Found a portal to a secret trove of treasure.
 17434 | D:13     | Reached skill level 10 in Fighting
 17435 | D:13     | Found a runed translucent door.
 17436 | D:13     | Found a shimmering altar of Xom.
 17436 | D:13     | Noticed Buvarchi's ghost (journeyman DsGl)
 17436 | D:13     | Identified the +8 broad axe "Ifesh" {chaos, rElec}
 17476 | D:13     | Found Zoblem's Food Boutique.
 17517 | D:13     | Found Heabutau's General Store.
 17520 | D:13     | Bought a scroll of identify for 24 gold pieces
 17520 | D:13     | Bought a +1 helmet of see invisible for 198 gold pieces
 17520 | D:13     | Bought a scroll of identify for 24 gold pieces
 17520 | D:13     | Bought a potion of cancellation for 96 gold pieces
 17548 | D:13     | Found Jocem's Assorted Antiques.
 17561 | D:13     | Bought a scroll of identify for 78 gold pieces
 17609 | D:13     | Found Anyduost's Armour Shoppe.
 17612 | D:13     | Bought a +0 pair of boots of running for 441 gold pieces
 17980 | D:13     | Noticed Sonja
 17990 | D:13     | Killed Sonja
 18133 | D:14     | Reached skill level 11 in Fighting
 18375 | D:14     | Reached skill level 12 in Fighting
 18414 | D:14     | Found a gate to the Vaults.
 18596 | D:14     | Noticed Agnes
 18610 | D:14     | Killed Agnes
 18610 | D:14     | Reached XP level 15. HP: 79/146 MP: 14/14
 18735 | D:14     | Reached skill level 13 in Fighting
 19000 | D:15     | Entered Level 15 of the Dungeon
 19087 | D:15     | Found the ring of the Octopus King
 19095 | D:15     | Got a ring of the Octopus King
 19097 | D:15     | Identified a ring of the Octopus King {Wiz AC+1 EV+1 Str+1
                  | Int+1 Dex+1} (You found it on level 15 of the Dungeon)
 19111 | D:15     | Found a staircase to the Depths.
 19111 | D:15     | Noticed a frost giant
 19121 | D:15     | Killed a frost giant
 19141 | D:15     | Paralysed by a floating eye for 2 turns
 19210 | D:15     | Reached skill level 14 in Fighting
 19229 | D:15     | Got a transparent iron ring
 19233 | D:15     | Identified the ring "Umoss" {+Fly MR+ Str+6 Int-4} (You
                  | found it on level 15 of the Dungeon)
 19265 | D:15     | Noticed a frost giant
 19278 | D:15     | Killed a frost giant
 19344 | D:15     | Paralysed by a floating eye for 4 turns
 19380 | D:15     | Got a crude tin ring
 19382 | D:15     | Identified the ring of the Ancients {EV+3 Str+3} (You found
                  | it on level 15 of the Dungeon)
 19409 | D:15     | Reached skill level 15 in Fighting
 19418 | D:15     | Noticed a tengu reaver
 19435 | D:15     | Killed a tengu reaver
 19449 | D:15     | Reached skill level 15 in Invocations
 19514 | D:15     | Found Kydghahog's Assorted Antiques.
 19522 | D:15     | Bought a glowing pearl ring for 125 gold pieces
 19522 | D:15     | Bought a potion of curing for 75 gold pieces
 19522 | D:15     | Bought a scroll of fog for 50 gold pieces
 19522 | D:15     | Bought a lumpy red potion for 22 gold pieces
 19621 | D:15     | Found Reluas's Food Emporium.
 19671 | D:15     | Noticed a fire giant
 19684 | D:15     | Killed a fire giant
 19690 | D:15     | Got a crude marble ring
 19692 | D:15     | Identified the ring of Ynumi Riyv {Fire Str+7} (You found
                  | it on level 15 of the Dungeon)
 19757 | D:15     | Found Ohuvonaq's Distillery.
 19767 | D:15     | Bought a potion of mutation for 128 gold pieces
 19767 | D:15     | Bought a potion of haste for 160 gold pieces
 19767 | D:15     | Bought a potion of berserk rage for 80 gold pieces
 19767 | D:15     | Bought a potion of lignification for 48 gold pieces
 19936 | D:14     | Reached XP level 16. HP: 157/163 MP: 15/15
 20119 | Orc:1    | Entered Level 1 of the Orcish Mines
 20149 | Orc:1    | Got a pair of jewelled boots
 20160 | Orc:1    | Identified the +1 pair of boots of Vanity {*Corrode rF+
                  | Slay+4} (You acquired it on level 1 of the Orcish Mines)
 20206 | Orc:1    | Noticed Erica
 20216 | Orc:1    | Killed Erica
 20855 | Orc:2    | Entered Level 2 of the Orcish Mines
 20953 | Orc:2    | Noticed Saint Roka
 20970 | Orc:2    | Killed Saint Roka
 21035 | Orc:2    | Found Qevyh Gop's Food Shoppe.
 21036 | Orc:2    | Found Ulyjeen's Food Emporium.
 21190 | Orc:2    | Paralysed by an orc sorcerer for 2 turns
 21546 | Orc:2    | Found Xuus's Book Boutique.
 21546 | Orc:2    | Found a one-way gate leading to the halls of Pandemonium.
 21546 | Orc:2    | Found Haezod's Antique Weapon Shop.
 21608 | Orc:2    | Found a staircase to the Elven Halls.
 21901 | Spider:1 | Entered Level 1 of the Spider Nest
 22512 | Spider:2 | Noticed Asterion
 22526 | Spider:2 | Killed Asterion
 22800 | Spider:2 | Reached XP level 17. HP: 170/170 MP: 17/17
 23239 | Spider:2 | Found a runed translucent door.
 23239 | Spider:2 | Noticed Tacit's ghost (journeyman GrMo)
 23470 | Spider:2 | Killed Tacit's ghost
 23586 | Spider:3 | Reached skill level 5 in Armour
 23586 | Spider:3 | Reached skill level 5 in Dodging
 24177 | Spider:4 | Entered Level 4 of the Spider Nest
 24182 | Spider:4 | Noticed Arachne
 24210 | Spider:3 | Killed Arachne
 24944 | Spider:4 | Reached skill level 10 in Shields
 25096 | Spider:4 | Got a gossamer rune of Zot
 25281 | Shoals:1 | Entered Level 1 of the Shoals
 25349 | Shoals:1 | Found Oquefron's Antique Armour Shop.
 25423 | Shoals:1 | Gained mutation: You passively map a large area around you.
                  | [Deep Dwarf growth]
 25423 | Shoals:1 | Reached XP level 18. HP: 156/178 MP: 18/18
 25432 | Shoals:1 | Reached skill level 10 in Armour
 25962 | Shoals:2 | Found a frozen archway.
 25979 | IceCv    | Entered an ice cave
 26346 | IceCv    | Noticed an Ice Fiend
 26360 | IceCv    | Killed an Ice Fiend
 26413 | IceCv    | Got a jasper-encrusted chain mail
 26424 | IceCv    | Identified the +7 chain mail of the Albatross {rPois rC+}
                  | (You found it in an ice cave)
 27162 | D:13     | You paid a toll of 9 potions of agility to enter a treasure
                  | trove
 27163 | Trove    | Entered a treasure trove
 27192 | Trove    | Got a heavily runed granite ring
 27194 | Trove    | Got a scorched jade ring
 27198 | Trove    | Identified the ring of Beogh's Whim {+Inv MP+9 Int+6} (You
                  | found it in a treasure trove)
 27200 | Trove    | Identified the ring of Wuckiwea {rN+ MP+9 Stlth+} (You
                  | found it in a treasure trove)
 27221 | Trove    | Got a glittering lapis lazuli ring
 27225 | Trove    | Identified the ring of Panentheism {Wiz Str+4} (You found
                  | it in a treasure trove)
 27231 | Trove    | Got a fine marble ring
 27233 | Trove    | Got a wavering turquoise ring
 27236 | Trove    | Identified the ring "Zirif" {+Fly rF+} (You found it in a
                  | treasure trove)
 27238 | Trove    | Identified the ring "Zuagor" {Slay+4 Stlth+} (You found it
                  | in a treasure trove)
 27250 | Trove    | Got a brightly glowing ivory amulet
 27251 | Trove    | Identified the amulet "Secufow" {Harm *Drain rPois rN+
                  | Slay-5} (You found it in a treasure trove)
 28346 | Shoals:4 | Entered Level 4 of the Shoals
 28631 | Shoals:4 | Noticed Ilsuiw
 28653 | Shoals:4 | Killed Ilsuiw
 28681 | Shoals:4 | Found a stormy altar of Qazlal.
 28832 | Shoals:4 | Reached skill level 15 in Shields
 29015 | Shoals:4 | Got a barnacled rune of Zot
 29251 | Shoals:4 | Reached XP level 19. HP: 186/186 MP: 16/16
 29650 | Vaults:1 | Entered Level 1 of the Vaults
 29858 | Vaults:1 | Reached skill level 16 in Fighting
 30131 | Vaults:1 | Reached skill level 17 in Fighting
 30308 | Vaults:1 | Got a bound marble ring
 30786 | Vaults:1 | Identified the ring "Wuzionint" {+Fly Dex+4} (You found it
                  | on level 1 of the Vaults)
 31102 | Vaults:2 | Reached skill level 18 in Fighting
 31349 | Vaults:2 | Reached XP level 20. HP: 154/206 MP: 17/17
 32072 | Vaults:3 | Reached skill level 19 in Fighting
 32880 | Vaults:3 | Reached skill level 20 in Fighting
 33091 | Vaults:3 | Found a staircase to the Crypt.
 33560 | Vaults:4 | Found a runed translucent door.
 33768 | Vaults:4 | Found the +0 mask of the Dragon {MR+ Slay+3 SInv}
 33797 | Vaults:4 | Found a radiant altar of Vehumet.
 33809 | Vaults:4 | Identified the cursed +0 hat of the Distant Future {rC+
                  | Str+4} (You found it on level 4 of the Vaults)
 33811 | Vaults:4 | Got a dazzling hat
 33822 | Vaults:4 | Identified the +1 hat of Inference {*Slow rN+++ Regen+
                  | Str-3 Dex+7} (You found it on level 4 of the Vaults)
 33842 | Vaults:4 | Found the +2 robe of Vines {NoPotionHeal Regen+7}
 33917 | Vaults:4 | Reached XP level 21. HP: 222/222 MP: 18/18
 34045 | Vaults:4 | Reached skill level 21 in Fighting
 34097 | Vaults:4 | Reached skill level 5 in Throwing
 34173 | Vaults:4 | Gained mutation: You have sharp toenails. [a shining eye]
 34342 | Vaults:4 | Noticed spacerossing's ghost (adept DDFi)
 34472 | Vaults:4 | Killed spacerossing's ghost
 34505 | Vaults:5 | Entered Level 5 of the Vaults
 34513 | Vaults:5 | Noticed a golden dragon
 34539 | Vaults:5 | Killed a golden dragon
 34583 | Vaults:5 | Reached skill level 10 in Throwing
 34732 | Vaults:5 | Noticed an ancient lich
 34741 | Vaults:5 | Killed an ancient lich
 34835 | Vaults:5 | Reached XP level 22. HP: 232/232 MP: 19/19
 34895 | Vaults:5 | Noticed an ancient lich
 34908 | Vaults:5 | Killed an ancient lich
 34932 | Vaults:5 | Identified the ring "Biommima" {Fire rElec rN+ Int+4 Dex-3}
 34943 | Vaults:5 | Got a silver rune of Zot
 34994 | Vaults:5 | Identified the ring of Vupar {Ice rElec Str+4 Slay+2}
 35225 | Vaults:5 | Identified the Disquisition on Poison and Lightness
 35400 | Vaults:5 | Identified the +7 plate armour of Ciyruxta {SInv} (You
                  | found it on level 5 of the Vaults)
 35705 | Vaults:5 | Identified the Collected Works on Fiery Poisoning
 35723 | Vaults:5 | Got a pair of translucent boots
 35734 | Vaults:5 | Identified the +0 pair of boots "Qept" {-Tele Str+3 Slay+3}
                  | (You acquired it on level 5 of the Vaults)
 36127 | Crypt:1  | Entered Level 1 of the Crypt
 36490 | Crypt:1  | Noticed Jory
 36518 | Crypt:1  | Killed Jory
 36518 | Crypt:1  | Reached skill level 15 in Throwing
 36885 | Crypt:2  | Noticed Bai Suzhen
 36904 | Crypt:2  | Killed Bai Suzhen
 37733 | Crypt:3  | Entered Level 3 of the Crypt
 38203 | Crypt:3  | Reached XP level 23. HP: 240/240 MP: 20/20
 38402 | Crypt:3  | Found an ancient bone altar of Kikubaaqudgha.
 38554 | Crypt:3  | Identified Kikubaaqudgha's Catalogue of Sinister Arts
 38571 | Crypt:3  | Noticed an ancient lich
 38580 | Crypt:3  | Killed an ancient lich
 38580 | Crypt:3  | Identified a ring of the Octopus King {AC+1 EV+1 Str+1
                  | Int+1 Dex+1 Stlth+}
 38694 | Crypt:3  | Reached skill level 22 in Fighting
 38921 | Crypt:3  | Found a staircase to the Tomb.
 39799 | Elf:1    | Entered Level 1 of the Elven Halls
 39947 | Elf:1    | Identified Dam Kut's Reference Book on Attacks
 40373 | Elf:1    | Found a roughly hewn altar of Beogh.
 40602 | Elf:2    | Found Orihi's Distillery.
 40609 | Elf:2    | Bought a potion of haste for 160 gold pieces
 40609 | Elf:2    | Bought a potion of mutation for 128 gold pieces
 40609 | Elf:2    | Bought a potion of haste for 160 gold pieces
 40609 | Elf:2    | Bought a potion of curing for 48 gold pieces
 40828 | Elf:2    | Reached skill level 23 in Fighting
 40924 | Elf:2    | Found a runed translucent door.
 40950 | Elf:2    | Found a runed translucent door.
 41153 | Elf:3    | Entered Level 3 of the Elven Halls
 41162 | Elf:3    | Found Dinwoy's Assorted Antiques.
 41783 | Elf:3    | Reached XP level 24. HP: 204/258 MP: 17/17
 41883 | Elf:3    | Identified the cursed +1 plate armour of Herris {rElec rC+}
                  | (You found it on level 3 of the Elven Halls)
 42010 | Elf:3    | Identified the cursed +0 quarterstaff "Omonumn" {drain,
                  | rPois rF+++ rC- Str-5}
 42050 | Elf:3    | Identified the +3 double sword of the Skies Above {holy,
                  | +Fly Str+2 Dex-3 SInv}
 43945 | Slime:1  | Entered Level 1 of the Pits of Slime
 43961 | Slime:1  | Gained mutation: Your magical capacity is low. (-10% MP) [a
                  | shining eye]
 44160 | Slime:2  | Reached skill level 24 in Fighting
 44455 | Slime:5  | Entered Level 5 of the Pits of Slime
 45098 | Slime:5  | Found a viscous altar of Jiyva.
 45099 | Slime:5  | Noticed the Royal Jelly
 45102 | Slime:5  | Found the cursed +13 scythe of Curses {drain, *Curse}
 45115 | Slime:5  | Killed the Royal Jelly
 45176 | Slime:5  | Got a slimy rune of Zot
 45250 | Slime:5  | Identified Muvus's Tome of Battle Magic
 45679 | Depths:1 | Entered Level 1 of the Depths
 46189 | Depths:1 | Found a one-way gate to the infinite horrors of the Abyss.
 46591 | Depths:1 | Found a gateway to Hell.
 46961 | Depths:2 | Reached XP level 25. HP: 263/267 MP: 13/13
 47343 | Depths:2 | Found a runed door.
 47521 | Depths:2 | Found a glowing silver altar of Zin.
 48214 | Depths:3 | Noticed a juggernaut
 48222 | Depths:3 | Killed a juggernaut
 48612 | Depths:4 | Identified the +12 plate armour of Roginlij {rC++} (You
                  | found it on level 4 of the Depths)
 49060 | Depths:4 | Noticed Mara
 49069 | Depths:4 | Killed Mara
 49364 | Depths:5 | Entered Level 5 of the Depths
 49378 | Depths:5 | Noticed Mennas
 49449 | Depths:5 | Reached XP level 26. HP: 233/277 MP: 13/13
 49485 | Depths:4 | Killed Mennas
 49589 | Depths:5 | Found a gateway to a ziggurat.
 49672 | Depths:5 | Identified the +5 battleaxe of Doaphung {chop, Int+2}
 49698 | Depths:5 | Found Xoowynep's General Store.
 49698 | Depths:5 | Found Gazeirur's Food Boutique.
 49711 | Depths:5 | Bought a scroll of enchant armour for 112 gold pieces
 49711 | Depths:5 | Bought 2 scrolls of magic mapping for 105 gold pieces
 49733 | Depths:5 | Found Cephouf's Jewellery Boutique.
 49734 | Depths:5 | Found a gate to the Realm of Zot.
 50094 | Depths:5 | Noticed a juggernaut
 50109 | Depths:5 | Killed a juggernaut
 50133 | Depths:5 | Found the +12 Vampire's Tooth {vamp}
 50488 | Zot:1    | Entered Level 1 of the Realm of Zot
 51327 | Zot:2    | Noticed an orb of fire
 51333 | Zot:2    | Killed an orb of fire
 51352 | Zot:2    | Reached XP level 27. HP: 284/288 MP: 3/11
 51386 | Zot:2    | Reached skill level 25 in Fighting
 51408 | Zot:2    | Identified the +6 broad axe of Kacusih {chop, rF++} (You
                  | found it on level 2 of the Realm of Zot)
 52362 | Zot:3    | Reached skill level 26 in Fighting
 52602 | Zot:3    | Noticed an orb of fire
 52606 | Zot:3    | Killed an orb of fire
 53208 | Zot:4    | Reached skill level 27 in Fighting
 53898 | Zot:5    | Entered Level 5 of the Realm of Zot
 53910 | Zot:5    | Found a runed translucent door.
 53913 | Zot:5    | Noticed Doot's ghost (legendary HOMo)
 54329 | Zot:5    | Noticed an orb of fire
 54339 | Zot:5    | Killed an orb of fire
 54340 | Zot:5    | Noticed an ancient lich
 54340 | Zot:5    | Noticed an ancient lich
 54340 | Zot:5    | Noticed an ancient lich
 54340 | Zot:5    | Noticed an ancient lich
 54340 | Zot:5    | Noticed an ancient lich
 54352 | Zot:5    | Killed an ancient lich
 54358 | Zot:5    | Killed an ancient lich
 54362 | Zot:5    | Killed an ancient lich
 54376 | Zot:5    | Killed an ancient lich
 54384 | Zot:5    | Killed an ancient lich
 54384 | Zot:5    | Reached skill level 15 in Armour
 54388 | Zot:5    | Noticed an ancient lich
 54390 | Zot:5    | Killed an ancient lich
 54397 | Zot:5    | Noticed an orb of fire
 54402 | Zot:5    | Killed an orb of fire
 54405 | Zot:5    | Noticed an ancient lich
 54416 | Zot:5    | Killed an ancient lich
 54416 | Zot:5    | Noticed an ancient lich
 54424 | Zot:5    | Killed an ancient lich
 54675 | Zot:5    | Noticed an ancient lich
 54683 | Zot:5    | Killed an ancient lich
 54969 | Zot:5    | Got the Orb of Zot
 55556 | D:$      | Escaped with the Orb!

Levels and vault maps discovered:
D:1:      dpeg_arrival_rhombus, layout_basic
D:2:      layout_loops_ring, corexii_hall_statues_l, corner_web_ring
D:3:      layout_loops_ring, gammafunk_ghost_split,
          wander_ebering_terrifying_dragon_lair
D:4:      layout_basic, uniq_sigmund, uniq_eustachio
D:5:      layout_loops_ring, minmay_temple_entry_fiery, serial_shops, shop,
          first_ration, nemelex_spade_bored_becter
D:6:      layout_rooms, grunt_temple_overflow_order_and_chaos_2,
          nicolae_ossuary_entry_monument, basic_altar
D:7:      layout_basic, vehumet_statue, old_standard_altar, minitemple,
          kennysheep_nub, uniq_pikel
D:8:      layout_loops_ring, tso_altar, lemuel_round_altar,
          lemuel_crystal_altar, lemuel_crystal_altar, basic_altar
D:9:      layout_rooms, minmay_lair_entry_grove, blue_anna_alchemist
          [blue_anna_fruit_fields, blue_anna_fruit_fields], uniq_psyche,
          uniq_erolcha, uniq_harold
D:10:     layout_stronghold
D:11:     layout_grid_maze, zombieorc1_lemuel, minmay_fractal_squares_gapless_7,
          uniq_maurice
D:12:     layout_roguey, uniq_urug
D:13:     layout_irregular_city, nicolae_trove_entry_crossroad,
          ebering_ghost_xom, serial_shops, shop,
          nicolae_shop_temple_entry_statues_fountains, kennysheep_mini_moat,
          shop, uniq_sonja
D:14:     layout_basic, erik_vaults_2, grunt_decor_cap, minmay_statues_item,
          uniq_agnes
D:15:     hangedman_spin_cycle, serial_shops
Temple:   corrupted_temple
Lair:1:   gammafunk_cloud_chamber, layout_chaotic_city,
          chequers_serial_rivers_marsh, st_stairs_6,
          infiniplex_staircase_pool_2, lemuel_fruit_tree
Lair:2:   layout_roguey
Lair:3:   layout_misc_corridors, spider_nest_entry_web_field, grunt_megastairs_4
Lair:4:   layout_roguey, minmay_shoals_entry_hut, uniq_nessos
Lair:5:   layout_gridlike, enter_volcano_3
Lair:6:   guppyfry_lair_end_dragon, layout_layer_cave, slime_altar_1,
          serial_bayou, serial_bayou_pond_e, serial_bayou_pond_e,
          serial_bayou_pond_e, serial_bayou_lake_a, ebering_ghost_inner_flame,
          serial_bayou_shore_a
Shoals:1: layout_shoals, serial_shops, nicolae_shop_trees
Shoals:2: layout_shoals, portal_ice_cave_entry_ice_statue_two
Shoals:3: layout_shoals
Shoals:4: shoals_end_simple, layout_shoals, shoals_ilsuiw_alternative,
          lemuel_oklob_altar
Spider:1: layout_spider_delve
Spider:2: layout_spider_delve, gammafunk_ghost_grave, drop_trap,
          guppyfry_spider_mini_3, uniq_asterion
Spider:3: layout_spider_delve
Spider:4: grunt_spider_rune_parallel, drop_trap, uniq_arachne
Slime:1:  cheibrodos_slime_lost_civilization_10, layout_caves
Slime:2:  layout_caves, nicolae_slime_barrier
Slime:3:  layout_caves
Slime:4:  layout_caves
Slime:5
Orc:1:    layout_diamond_mine, uniq_erica
Orc:2:    pf_orc_diabolical, layout_diamond_mine, uniq_saint_roka
Elf:1:    eino_elf_arrival_customs, layout_geoelf_octagon, special_room
          [special_room_orc], minmay_elf_annihilation
Elf:2:    layout_onion_city, serial_shops,
          nicolae_shop_temple_entry_statues_fountains, st_stairs_2
Elf:3:    minmay_elf_hall_spiked, layout_geoelf_castle, serial_shops,
          nicolae_shop_overgrown_old_shop
Vaults:1: nicolae_vaults_ring_of_whatevers, hangedman_vaults_hat,
          hangedman_vaults_impose, hangedman_vaults_impose,
          nicolae_vaults_what_the_h, nicolae_vaults_halls_meeting,
          nicolae_vaults_ring_of_whatevers, vaults_room_grunt_arrival_ludios,
          v_misc_15, hangedman_vaults_trim, nicolae_vaults_little_squares_4,
          layout_vaults_ring
Vaults:2: nicolae_vaults_back_hallway, ontoclasm_vaults_idyll,
          nicolae_vaults_disjoint_gnomons, hangedman_vaults_locks,
          hangedman_vaults_pinch, nicolae_vaults_quadrants,
          ontoclasm_vaults_idyll, v_misc_26, nicolae_vaults_little_squares_2,
          layout_vaults_omnibox
Vaults:3: v_misc_10, vaults_room_pool, minmay_crypt_entry_skeletal_spiral,
          v_pattern_3, hangedman_vaults_nails, nicolae_vaults_specimen_jars,
          vaults_room_stairs_pillars, layout_vaults_omnigrid
Vaults:4: gammafunk_vaults_ghost_grave, nicolae_vaults_twisting_passages,
          nicolae_vaults_ring_of_whatevers, ontoclasm_vaults_pinch,
          v_alt_pattern_2, grunt_tower_of_power, v_rooms_1,
          nicolae_vaults_little_squares_1, layout_vaults_big_room
Vaults:5: serial_shops
Crypt:1:  layout_regular_city, uniq_jory
Crypt:2:  layout_chaotic_city, lemuel_nasty_fountain, uniq_bai_suzhen
Crypt:3:  evilmike_haunted_forest
Depths:1: layout_gridlike, kennysheep_path_1, abyss_entry,
          rand_demon_pan_entry_9, hell_entry, minivault_10, kb_rosetta
Depths:2: evilmike_wizard_prison, layout_basic, rand_demon_pan_entry_7,
          abyss_entry, kennysheep_flooded_box, hell_entry, chequers_jeans,
          hangedman_abyss_or_decor_clamps
Depths:3: lemuel_traditional_vault, layout_basic, kennysheep_crisscross,
          pan_entry, hangedman_coc_ice_floe, abyss_entry, serial_bayou_pond_e
Depths:4: cheibrodos_poisonous_passages, layout_basic,
          hangedman_abyss_entry_splay, hell_entry, rand_demon_pan_entry_8,
          uniq_mara
Depths:5: evilmike_zot_entry_basic, layout_long_grid, enter_ziggurat_b,
          hex_medium, pf_hell_entry_tar_spiral, minmay_shop_enchanted_jewellery,
          minmay_guarded_unrand_vampires_tooth, minmay_shoptagon, uniq_mennas
Zot:1:    layout_onion_interference
Zot:2:    hangedman_zot_vaults_quadrants, layout_concentric_octagons
Zot:3:    layout_onion, nicolae_zot_crop_circle
Zot:4:    circus_mu, layout_misc_corridors, st_small_dragon_hoard_4,
          st_stairs_5, grunt_ministairs_9, lemuel_baited_zot_trap
Zot:5:    layout_misc_corridors, ebering_ghost_reflecting_pool

Skill      XL: |  1  2  3  4  5  6  7  8  9 10 11 12 13 14 15 16 17 18 19 20 21 22 23 24 25 26 27 |
---------------+----------------------------------------------------------------------------------+-----
Fighting       | 2 3 4 5 7 12 15 18 20 21 23 24 27 | 27.0
Throwing       | 4 12 16 | 16.0
Polearms       | 1 3 4 |  4.2
Armour         | 2 3 9 11 15 | 15.0
Shields        | 2 5 10 15 21 | 21.0
Axes           | 4 8 12 13 14 17 21 24 26 | 26.9
Invocations    | 4 8 9 14 15 20 | 20.0
Evocations     | 10 | 10.0
Dodging        | 3 5 8 |  8.6
Stealth        | |  1.2

Action                   |  1- 3 |  4- 6 |  7- 9 | 10-12 | 13-15 | 16-18 | 19-21 | 22-24 | 25-27 || total
-------------------------+-------+-------+-------+-------+-------+-------+-------+-------+-------++-------
Melee: Short sword       |    24 |       |       |       |       |       |       |       |       ||    24
       Spear             |    52 |   332 |    70 |       |       |       |       |       |       ||   454
       Trident           |       |       |   151 |       |       |       |       |       |       ||   151
       Hand axe          |       |       |   292 |   991 |   557 |       |       |       |       ||  1840
       Broad axe         |       |       |       |       |   632 |  1562 |  1164 |  1586 |  1686 ||  6630
Throw: Javelin           |     1 |    12 |    14 |       |       |       |       |       |     9 ||    36
       Throwing net      |     1 |     2 |       |       |       |       |       |       |       ||     3
       Boomerang         |       |     5 |       |       |       |       |       |     8 |    17 ||    30
       Dart              |       |       |    11 |     5 |       |     2 |       |       |       ||    18
Invok: Major Destruction |       |       |       |     3 |       |       |       |       |       ||     3
       Greater Servant o |       |       |       |     1 |     1 |       |       |       |       ||     2
       Minor Destruction |       |       |       |     1 |       |       |       |       |       ||     1
 Abil: Heal Wounds       |     1 |    11 |     9 |    12 |    30 |    18 |     5 |    10 |    17 ||   113
Evoke: Wand              |       |       |       |       |     6 |    10 |       |     3 |     8 ||    27
  Use: Scroll            |       |     3 |     3 |     8 |    29 |     8 |     4 |    21 |    12 ||    88
       Potion            |       |       |       |       |     1 |     9 |     3 |     8 |     6 ||    27
 Stab: Sleeping          |     4 |     5 |       |       |       |       |       |       |       ||     9
       Distracted        |       |     1 |       |     1 |     1 |       |       |     1 |       ||     4
       Paralysed         |       |       |       |       |     7 |       |       |       |       ||     7
       Held in net/web   |       |       |       |       |       |     1 |       |       |       ||     1
  Eat: Chunk             |       |     6 |    12 |    22 |    46 |    17 |    19 |    17 |    13 ||   152
       Ration            |       |       |     1 |       |     1 |     4 |       |     6 |     5 ||    17
Armor: Leather armour    |    14 |    36 |       |       |       |       |       |       |       ||    50
       Ring mail         |       |     6 |     1 |       |       |       |       |       |       ||     7
       Chain mail        |       |       |    79 |       |       |   178 |   321 |    80 |       ||   658
       Scale mail        |       |       |    52 |   223 |   299 |   458 |       |       |       ||  1032
       Storm dragon scal |       |       |       |       |       |       |       |   402 |   607 ||  1009
Dodge: Dodged            |    45 |   111 |    86 |   161 |   265 |   472 |   153 |   212 |   358 ||  1863
Block: Large shield      |       |    35 |   354 |   576 |   812 |  1588 |  1052 |  1270 |  1814 ||  7501
       Shield            |       |     5 |       |       |       |       |       |       |       ||     5
       Reflection        |       |       |       |       |    27 |    52 |   102 |    62 |       ||   243
